 Dungeon Crawl Stone Soup version 0.26-a0-478-g6c97825307 (webtiles) character file.

Game seed: 10898047595875383496

30923 Gargoyl the Fighter (level 13, -8/104 HPs)
             Began as a Gnoll Abyssal Knight on Aug 1, 2020.
             Was a Priest of Lugonu.
             Mangled by a hell beast (12 damage)
             ... in a Gauntlet.
             The game lasted 00:27:19 (16043 turns).

Gargoyl the Fighter (Gnoll Abyssal Knight)         Turns: 16043, Time: 00:27:20

Health: -8/104     AC: 20    Str: 16    XL:     13   Next: 54%
Magic:  25/25      EV: 16    Int: 19    God:    Lugonu [***...]
Gold:   1059       SH:  0    Dex: 17    Spells: 28/28 levels left

rFire    . . .     SeeInvis .   E - +2 war axe (flame)
rCold    + . .     Faith    .   (no shield)
rNeg     . . .     Spirit   .   l - +0 chain mail
rPois    .         Reflect  .   A - +1 hat {MR+}
rElec    .         Harm     .   G - +2 cloak of Orov {MR+ Int+3}
rCorr    .         NoTele   +   c - +0 pair of gloves
MR       ++...                  u - +2 pair of boots
Stlth    +.........             f - amulet of regeneration
HPRegen  0.67/turn              r - ring of protection from cold
MPRegen  0.19/turn              k - +4 ring of evasion

@: mighty, studying Air Magic
A: distributed training, fangs 1, strong nose
a: Depart the Abyss, Bend Space, Banish, Renounce Religion


You were in a Gauntlet.
You worshipped Lugonu.
Lugonu was most pleased with you.
You visited 2 branches of the dungeon, and saw 14 of its levels.
You visited the Abyss 1 time.
You also visited: Gauntlet.

You collected 1059 gold pieces.

Inventory:

Hand Weapons
 a - a +4 hand axe of flaming
 E - a +2 war axe of flaming (weapon)
Armour
 c - a +0 pair of gloves (worn)
 l - a +0 chain mail (worn)
 u - a +2 pair of boots (worn)
 A - a +1 hat of magic resistance (worn)
 G - the +2 cloak of Orov (worn) {MR+ Int+3}
   (You found it on level 4 of the Lair of Beasts)

   It affects your intelligence (+3).
   It affects your resistance to hostile enchantments.
 J - the +0 cloak "Dekaug" {rElec rF++ rCorr MP-9}
   (You found it in a Gauntlet)

   It greatly protects you from fire.
   It insulates you from electricity.
   It affects your magic capacity (-9).
   It provides partial protection from all sources of acid and corrosion.
Jewellery
 f - an amulet of regeneration (around neck)
 k - a +4 ring of evasion (right hand)
 r - a ring of protection from cold (left hand)
 t - an uncursed ring of protection from fire {unknown}
Wands
 n - a wand of random effects (20)
 s - a wand of acid (4)
 v - a wand of enslavement (11)
 y - a wand of iceblast (13)
Scrolls
 d - 3 scrolls of magic mapping
 m - a scroll of identify
 w - 7 scrolls of remove curse
 D - a scroll of fog
 F - a scroll of teleportation
 I - a scroll of summoning
Potions
 b - a potion of berserk rage
 e - 3 potions of magic
 g - 7 potions of haste
 h - 5 potions of curing
 i - 2 potions of lignification
 j - 2 potions of invisibility
 o - a potion of brilliance {unknown}
 p - 2 potions of flight {unknown}
 q - a potion of experience {unknown}
 x - 2 potions of heal wounds {unknown}
 z - a potion of degeneration {unknown}
 B - a potion of cancellation {unknown}
Books
 C - a manual of Air Magic


   Skills:
 + Level 10.6 Fighting
 + Level 8.4 Short Blades
 + Level 8.4 Long Blades
 + Level 9.6 Axes
 + Level 8.4 Maces & Flails
 + Level 8.4 Polearms
 + Level 8.4 Staves
 + Level 8.4 Slings
 + Level 8.4 Bows
 + Level 8.4 Crossbows
 + Level 8.4 Throwing
 + Level 9.6 Armour
 + Level 8.8 Dodging
 + Level 8.4 Stealth
 + Level 8.4 Shields
 + Level 8.4 Unarmed Combat
 + Level 8.4 Spellcasting
 + Level 7.0 Conjurations
 + Level 7.0 Hexes
 + Level 7.0 Summonings
 + Level 7.0 Necromancy
 + Level 7.0 Translocations
 + Level 7.0 Transmutations
 + Level 7.0 Fire Magic
 + Level 7.0 Ice Magic
 + Level 8.4 Air Magic
 + Level 7.0 Earth Magic
 + Level 7.0 Poison Magic
 + Level 10.2 Invocations
 + Level 8.4 Evocations


You had 28 spell levels left.
You didn't know any spells.
Your spell library contained the following spells:

 Spells                   Type           Power        Failure   Level
 Animate Skeleton         Necr           ####..       5%          1
 Apportation              Tloc           ####..       5%          1
 Beastly Appendage        Tmut           ####..       5%          1
 Corona                   Hex            ####...      5%          1
 Magic Dart               Conj           ####         5%          1
 Summon Small Mammal      Summ           ####         5%          1
 Blink                    Tloc           N/A          9%          2
 Call Imp                 Summ           ####....     9%          2
 Slow                     Hex            ####....     9%          2
 Wereblood                Tmut           ####....     9%          2
 Mephitic Cloud           Conj/Pois/Air  #####...     13%         3
 Call Canine Familiar     Summ           ####....     16%         3
 Conjure Flame            Conj/Fire      ####....     16%         3
 Lesser Beckoning         Tloc           ####......   16%         3
 Spider Form              Tmut/Pois      ####......   16%         3
 Summon Guardian Golem    Hex/Summ       ####....     16%         3
 Tukima's Dance           Hex            ####....     16%         3
 Summon Lightning Spire   Summ/Air       #####...     36%         4
 Ice Form                 Ice/Tmut       ####....     47%         4
 Summon Ice Beast         Ice/Summ       ####....     47%         4
 Alistair's Intoxication  Tmut/Pois      ####.....    83%         5
 Blade Hands              Tmut           ####......   83%         5
 Invisibility             Hex            ####....     100%        6


Dungeon Overview and Level Annotations

Branches:
Dungeon (8/15)             Temple (0/1) D:7            Lair (6/6) D:8
  Swamp (0/4) Lair:2        Snake (0/4) Lair:3      Gauntlet (1/1)
  Slime: Lair:5-6

Altars:
Ashenzari
Dithmenos
Kikubaaqudgha
Makhleb
Okawaru
Qazlal
Ru
Sif Muna
Yredelemnul

Shops:
D:5 =

Annotations:
Lair:6 corrupted
Abyss:1 Maggie; Uvul's ghost, journeyman OgWz Gauntlet 3 transporters, corrupted


Innate Abilities, Weirdness & Mutations

Your experience applies equally to all skills.
You have very sharp teeth.
Your uncanny sense of smell can sniff out nearby items.


Message History

The hell beast tramples you.
* * * LOW HITPOINT WARNING * * *
You hold your ground!
The hell beast bites you but does no damage.
The hell beast tramples you.
* * * LOW HITPOINT WARNING * * *
You hold your ground!
Unknown command.
You hit the hell beast. You burn the hell beast.
The hell beast is almost dead.
The hell beast closely misses you. x2
Unknown command.
You miss the hell beast.
The hell beast is almost dead.
The hell beast bites you!
* * * LOW HITPOINT WARNING * * *
The hell beast tramples you!
* * * LOW HITPOINT WARNING * * *
You hold your ground!
The hell beast bites you!
You die...

##≈............§
8#..............
#..###########
#..#...|©$"..
###..#.#h....# .
#8#..#.##...# #..
#..#..#####..#..
#..#@2..©....#..
#..#..##.##..#..
#8#..#.##...##.#..
###..#.#.....#.#...#^#
#..#.........#...#..
###..###########...###
8#.....#.©.#....≈....
##...8.#...#...≈8≈...
#.....#.©.#....≈....


You could see a hell beast.

Vanquished Creatures
  Gastronok (D:7)
  A great orb of eyes (Gauntlet)
  Harold (D:8)
  4 death yaks
  An ugly thing (Gauntlet)
  6 elephants
  4 cane toads
  2 black mambas
  4 komodo dragons
  A rime drake (Lair:1)
  3 polar bears (Lair:5)
  2 bog bodies (Lair:2)
  Prince Ribbit (Lair:2)
  6 hippogriffs
  9 blink frogs
  6 dream sheep (Lair:5)
  2 basilisks
  14 yaks
  Menkaure (D:7)
  3 nagas (Lair:3)
  2 hell hounds (Gauntlet)
  Duvessa (D:7)
  4 porcupines
  7 water moccasins
  2 orc warriors (D:6)
  A black bear (D:7)
  2 ice beasts
  6 necrophages (Lair:4)
  4 ogres
  A phantom (D:7)
  3 centaurs
  7 wolves
  5 crocodiles
  10 bullfrogs
  A wyvern zombie (D:7)
  A gnoll sergeant (D:5)
  Dowan (D:7)
  4 scorpions
  4 killer bees (D:8)
  An oklob sapling (D:7)
  2 electric eels
  A howler monkey (D:4)
  A bullfrog zombie (D:6)
  4 jellies
  2 quasits
  4 orc priests
  6 orc wizards
  3 hounds
  A gnoll shaman (D:8)
  2 iguanas
  A bullfrog skeleton (D:7)
  5 worker ants
  2 hound zombies (D:7)
  13 gnolls
  11 adders
  A white imp (D:7)
  An ooze (D:1)
  An adder skeleton (D:7)
  2 worms
  3 dart slugs
  2 leopard geckos
  21 orcs
  5 giant cockroaches
  4 goblins
  10 hobgoblins
  4 jackals (D:1)
  9 kobolds
  A quokka (D:6)
  5 ball pythons
  7 bats
  7 frilled lizards
  A quokka zombie (D:7)
  8 rats
  A demonic plant (Gauntlet)
  A fungus (Lair:2)
  A plant (Lair:5)
292 creatures vanquished.

Vanquished Creatures (others)
  A fire dragon (Lair:6)
  3 hydras
  A tengu warrior (Gauntlet)
  An unseen horror (D:7)
  A swamp dragon (Lair:6)
  A lindwurm (Lair:5)
  5 elephants (Lair:6)
  2 black mambas
  A cane toad (Lair:6)
  2 komodo dragons
  A tengu conjurer (Gauntlet)
  2 polar bears
  A hornet (D:7)
  A slime creature (Lair:6)
  2 hippogriffs (Lair:6)
  5 flying skulls (Gauntlet)
  A vampire (D:7)
  A basilisk (Lair:6)
  2 steam dragons (Lair:6)
  A hell hound (Lair:6)
  A warg (Lair:6)
  An acid dragon (Lair:6)
  4 water moccasins (Lair:6)
  3 swamp drakes (Lair:6)
  A sky beast (D:8)
  7 wolves (Lair:6)
  2 crocodiles (Lair:6)
  A wyvern zombie (D:8)
  2 jellies (Lair:6)
  An orc wizard (D:7)
  An orc (D:7)
  2 demonic plants (Gauntlet)
  5 fungi
  25 plants
  7 starspawn tentacles
98 creatures vanquished.

Grand Total: 390 creatures vanquished

Notes
Turn   | Place    | Note
-------+----------+-------------------------------------------
     0 | Abyss:1  | Gargoyl the Gnoll Abyssal Knight began the quest for the
                  | Orb.
     0 | Abyss:1  | Reached XP level 1. HP: 23/23 MP: 3/3
    37 | Abyss:1  | Noticed an ancient zyme
    41 | Abyss:1  | HP: 1/23 [ancient zyme (14)]
    43 | D:1      | Escaped the Abyss
   614 | D:1      | Reached XP level 2. HP: 29/29 MP: 5/5
   677 | D:1      | Reached * piety under Lugonu
   977 | D:1      | Reached XP level 3. HP: 31/35 MP: 6/6
  1331 | D:2      | Reached skill level 1 in Short Blades
  1331 | D:2      | Reached skill level 1 in Long Blades
  1331 | D:2      | Reached skill level 1 in Maces & Flails
  1331 | D:2      | Reached skill level 1 in Polearms
  1331 | D:2      | Reached skill level 1 in Staves
  1331 | D:2      | Reached skill level 1 in Slings
  1331 | D:2      | Reached skill level 1 in Bows
  1331 | D:2      | Reached skill level 1 in Crossbows
  1331 | D:2      | Reached skill level 1 in Throwing
  1331 | D:2      | Reached skill level 1 in Stealth
  1331 | D:2      | Reached skill level 1 in Shields
  1331 | D:2      | Reached skill level 1 in Unarmed Combat
  1331 | D:2      | Reached skill level 1 in Spellcasting
  1331 | D:2      | Reached skill level 1 in Evocations
  1413 | D:2      | Reached XP level 4. HP: 41/41 MP: 7/7
  1680 | D:2      | Reached ** piety under Lugonu
  1743 | D:2      | Found a shattered altar of Ashenzari.
  2001 | D:3      | Reached skill level 1 in Conjurations
  2001 | D:3      | Reached skill level 1 in Hexes
  2001 | D:3      | Reached skill level 1 in Summonings
  2001 | D:3      | Reached skill level 1 in Necromancy
  2001 | D:3      | Reached skill level 1 in Translocations
  2001 | D:3      | Reached skill level 1 in Transmutations
  2001 | D:3      | Reached skill level 1 in Fire Magic
  2001 | D:3      | Reached skill level 1 in Ice Magic
  2001 | D:3      | Reached skill level 1 in Air Magic
  2001 | D:3      | Reached skill level 1 in Earth Magic
  2001 | D:3      | Reached skill level 1 in Poison Magic
  2069 | D:3      | Reached XP level 5. HP: 5/47 MP: 8/8
  2911 | D:4      | Reached skill level 5 in Invocations
  2911 | D:4      | Reached XP level 6. HP: 34/53 MP: 9/9
  3073 | D:4      | Reached skill level 5 in Axes
  3073 | D:4      | Reached skill level 5 in Armour
  3195 | D:4      | Found a stormy altar of Qazlal.
  3809 | D:5      | Entered Level 5 of the Dungeon
  3872 | D:5      | Reached XP level 7. HP: 40/59 MP: 10/10
  3988 | D:5      | Found a basalt altar of Yredelemnul.
  4075 | D:5      | Found Jobine's Jewellery Emporium.
  4144 | D:5      | Found a shadowy altar of Dithmenos.
  4421 | D:5      | Reached *** piety under Lugonu
  4610 | D:6      | Found a shimmering blue altar of Sif Muna.
  4640 | D:6      | Reached XP level 8. HP: 52/67 MP: 12/12
  5105 | D:6      | Got a twisted plate armour
  5116 | D:6      | Identified the cursed +1 plate armour of the Land of Plenty
                  | {rF+ Str-3 Int-5 Dex+6} (You found it on level 6 of the
                  | Dungeon)
  5298 | D:6      | Found a shattered altar of Ashenzari.
  5360 | D:6      | Reached XP level 9. HP: 67/72 MP: 14/14
  5628 | D:7      | Found an iron altar of Okawaru.
  5696 | D:7      | Noticed a hornet
  5697 | D:7      | Banished a hornet
  5784 | D:7      | Reached skill level 5 in Dodging
  5832 | D:7      | Noticed a komodo dragon
  5935 | D:7      | Found a staircase to the Ecumenical Temple.
  6161 | D:7      | Banished an unseen horror
  6196 | D:7      | Banished a komodo dragon
  6196 | D:7      | Reached XP level 10. HP: 46/80 MP: 17/17
  6530 | D:7      | Reached skill level 5 in Short Blades
  6530 | D:7      | Reached skill level 5 in Long Blades
  6530 | D:7      | Reached skill level 5 in Maces & Flails
  6530 | D:7      | Reached skill level 5 in Polearms
  6530 | D:7      | Reached skill level 5 in Staves
  6530 | D:7      | Reached skill level 5 in Slings
  6530 | D:7      | Reached skill level 5 in Bows
  6530 | D:7      | Reached skill level 5 in Crossbows
  6530 | D:7      | Reached skill level 5 in Throwing
  6530 | D:7      | Reached skill level 5 in Stealth
  6530 | D:7      | Reached skill level 5 in Shields
  6530 | D:7      | Reached skill level 5 in Unarmed Combat
  6530 | D:7      | Reached skill level 5 in Spellcasting
  6530 | D:7      | Reached skill level 5 in Evocations
  6545 | D:7      | Noticed Duvessa
  6556 | D:7      | Noticed Dowan
  6558 | D:7      | Killed Duvessa
  6570 | D:7      | Killed Dowan
  6954 | D:7      | Found a burning altar of Makhleb.
  7108 | D:7      | You fall into a shaft and drop 1 floor!
  7108 | D:8      | Noticed Gastronok
  7130 | D:7      | Killed Gastronok
  7408 | D:7      | Noticed Menkaure
  7423 | D:7      | Killed Menkaure
  7426 | D:7      | Found an ancient bone altar of Kikubaaqudgha.
  7511 | D:8      | Noticed Maggie
  7531 | D:8      | Reached **** piety under Lugonu
  7537 | D:8      | Banished Maggie
  7537 | D:8      | Reached XP level 11. HP: 5/87 MP: 19/19
  7935 | D:8      | Found a sacrificial altar of Ru.
  8227 | D:8      | Found a stormy altar of Qazlal.
  8263 | D:8      | Found a staircase to the Lair.
  8342 | D:8      | Noticed Harold
  8368 | D:8      | Killed Harold
  8368 | D:8      | Reached skill level 5 in Conjurations
  8368 | D:8      | Reached skill level 5 in Hexes
  8368 | D:8      | Reached skill level 5 in Summonings
  8368 | D:8      | Reached skill level 5 in Necromancy
  8368 | D:8      | Reached skill level 5 in Translocations
  8368 | D:8      | Reached skill level 5 in Transmutations
  8368 | D:8      | Reached skill level 5 in Fire Magic
  8368 | D:8      | Reached skill level 5 in Ice Magic
  8368 | D:8      | Reached skill level 5 in Air Magic
  8368 | D:8      | Reached skill level 5 in Earth Magic
  8368 | D:8      | Reached skill level 5 in Poison Magic
  8493 | Lair:1   | Entered Level 1 of the Lair of Beasts
  9580 | Lair:2   | Noticed Prince Ribbit
 10115 | Lair:2   | Noticed a four-headed hydra
 10121 | Lair:2   | Banished a four-headed hydra
 10153 | Lair:2   | Noticed an eight-headed hydra
 10158 | Lair:2   | Banished an eight-headed hydra
 10499 | Lair:2   | Killed Prince Ribbit
 10499 | Lair:2   | Reached XP level 12. HP: 89/96 MP: 22/22
 10843 | Lair:2   | Found a staircase to the Swamp.
 11523 | Lair:3   | HP: 4/97 [polar bear (22)]
 11523 | Lair:3   | HP: 1/97 [polar bear (3)]
 11871 | Lair:3   | Found a staircase to the Snake Pit.
 12194 | Lair:3   | Found a runed translucent door.
 12194 | Lair:3   | Noticed Uvul's ghost (journeyman OgWz)
 12213 | Lair:3   | Banished Uvul's ghost
 12474 | Lair:4   | Got an ichor-stained cloak
 12485 | Lair:4   | Identified the +2 cloak of Orov {MR+ Int+3} (You found it
                  | on level 4 of the Lair of Beasts)
 13193 | Lair:4   | Noticed a four-headed hydra
 13198 | Lair:4   | Banished a four-headed hydra
 13198 | Lair:4   | Reached skill level 10 in Fighting
 13996 | Lair:4   | Reached XP level 13. HP: 63/101 MP: 24/24
 14668 | Lair:4   | Reached skill level 10 in Invocations
 15666 | Lair:6   | Entered Level 6 of the Lair of Beasts
 15696 | Lair:6   | Corrupted Lair:6
 15696 | Lair:6   | Noticed a tentacled starspawn
 15697 | Lair:6   | Noticed a bone dragon
 15697 | Lair:6   | Noticed a starcursed mass
 15697 | Lair:6   | Noticed a tentacled starspawn
 15698 | Lair:6   | Noticed a bone dragon
 15701 | Lair:6   | Noticed a fire dragon
 15705 | Lair:6   | Noticed an eidolon
 15709 | Lair:6   | Killed a fire dragon
 15723 | Lair:6   | Noticed a white draconian
 15736 | Lair:6   | Found a gate leading to a gauntlet.
 15860 | Gauntlet | Entered a Gauntlet
 15860 | Gauntlet | Found a transporter.
 15860 | Gauntlet | Found a transporter.
 15860 | Gauntlet | Found a transporter.
 15864 | Gauntlet | Corrupted Gauntlet
 15864 | Gauntlet | Noticed a tentacled starspawn
 15865 | Gauntlet | Noticed a rakshasa
 15867 | Gauntlet | Noticed a starcursed mass
 15867 | Gauntlet | Found a transporter.
 15877 | Gauntlet | Noticed a starcursed mass
 15878 | Gauntlet | Found a transporter.
 15896 | Gauntlet | Noticed a great orb of eyes
 15896 | Gauntlet | Found a transporter.
 15899 | Gauntlet | Found a transporter.
 15919 | Gauntlet | Killed a great orb of eyes
 15942 | Gauntlet | Noticed a profane servitor
 15950 | Gauntlet | Got a scorched cloak
 15962 | Gauntlet | Identified the +0 cloak "Dekaug" {rElec rF++ rCorr MP-9}
                  | (You found it in a Gauntlet)
 16018 | Gauntlet | Found a transporter.
 16043 | Gauntlet | HP: 4/104 [hell beast (8)]
 16043 | Gauntlet | Mangled by a hell beast

Illustrated notes

Levels and vault maps discovered:
D:1:      ebering_hopf_link, layout_basic
D:2:      minmay_alternating_diamond, layout_loops_cross,
          overflow_temple_1_default
D:3:      layout_basic, minivault_4
D:4:      layout_gridville, nicolae_overflow_crystal_walls
D:5:      layout_loops_ring, yredelemnul_altar_generic,
          nicolae_dithmenos_shadow_blocks, serial_shops,
          nicolae_shop_temple_entry_statues_fountains, kennysheep_potato
D:6:      layout_loops_ring, basic_altar, nicolae_ashenzari_panopticon
D:7:      minmay_the_grid_plus_closed [minmay_the_grid_slots,
          minmay_the_grid_tree, minmay_the_grid_minigrid_medium,
          minmay_the_grid_small_cups, minmay_the_grid_prize_inner_circle],
          layout_basic, lemuel_coloured_pillars_altar, bloody_makhleb,
          kennysheep_mini_moat, minmay_temple_entry_oklob, serial_curves,
          eino_curves_04, eino_curves_03, eino_curves_03, eino_curves_03,
          uniq_menkaure, uniq_duvessa
D:8:      cheibrodos_iron_armory, layout_loops_cross, kennysheep_little_box,
          lair_entry_dummy, nicolae_qazlal_general_emergency, uniq_maggie,
          uniq_harold, uniq_gastronok
Lair:1:   layout_gridlike, lemuel_fruit_tree
Lair:2:   layout_regular_city, skrybe_swamp_entry_bodies,
          chequers_serial_rivers_micro_d, lemuel_fruit_fields,
          grunt_megastairs_4, uniq_prince_ribbit2
Lair:3:   layout_chaotic_city, minmay_snake_entry_guardpost_small,
          gammafunk_ghost_grave, grunt_megastairs_1, lemuel_fruit_fields,
          serial_bayou_shore_a, serial_bayou_shore_b, lemuel_fruit_fields,
          serial_bayou_shore_b
Lair:4:   layout_gridlike, roderic_carrion_pond
Lair:5:   layout_cave_pods, cheibrodos_lair_lostbears, grunt_megastairs_2,
          infiniplex_staircase_pool
Lair:6:   guppyfry_lair_end_dragon, layout_small_grid,
          hangedman_lair_caniforms_friends, minmay_slime_entry_pillars,
          gauntlet_entry_generic
Gauntlet: gammafunk_gauntlet_hard_choice [nicolae_gauntlet_arena_grate_2,
          gammafunk_gauntlet_arena_split_diamond,
          gammafunk_gauntlet_arena_mazey, gammafunk_gauntlet_arena_arrow_garden,
          nicolae_gauntlet_arena_blocks, gammafunk_gauntlet_arena_split_x,
          nicolae_gauntlet_exit_dead_adventurers]

Skill      XL: |  1  2  3  4  5  6  7  8  9 10 11 12 13 |
---------------+----------------------------------------+-----
Short Blades   | 1 2 3 4 5 6 7 8 |  8.4
Long Blades    | 1 2 3 4 5 6 7 8 |  8.4
Maces & Flails | 1 2 3 4 5 6 7 8 |  8.4
Polearms       | 1 2 3 4 5 6 7 8 |  8.4
Staves         | 1 2 3 4 5 6 7 8 |  8.4
Slings         | 1 2 3 4 5 6 7 8 |  8.4
Bows           | 1 2 3 4 5 6 7 8 |  8.4
Crossbows      | 1 2 3 4 5 6 7 8 |  8.4
Throwing       | 1 2 3 4 5 6 7 8 |  8.4
Stealth        | 1 2 3 4 5 6 7 8 |  8.4
Shields        | 1 2 3 4 5 6 7 8 |  8.4
Unarmed Combat | 1 2 3 4 5 6 7 8 |  8.4
Spellcasting   | 1 2 3 4 5 6 7 8 |  8.4
Evocations     | 1 2 3 4 5 6 7 8 |  8.4
Conjurations   | 1 2 3 4 5 6 7 |  7.0
Hexes          | 1 2 3 4 5 6 7 |  7.0
Summonings     | 1 2 3 4 5 6 7 |  7.0
Necromancy     | 1 2 3 4 5 6 7 |  7.0
Translocations | 1 2 3 4 5 6 7 |  7.0
Transmutations | 1 2 3 4 5 6 7 |  7.0
Fire Magic     | 1 2 3 4 5 6 7 |  7.0
Ice Magic      | 1 2 3 4 5 6 7 |  7.0
Air Magic      | 1 2 3 4 6 7 8 |  8.4
Earth Magic    | 1 2 3 4 5 6 7 |  7.0
Poison Magic   | 1 2 3 4 5 6 7 |  7.0
Dodging        | 3 4 5 6 7 8 |  8.8
Invocations    | 5 6 7 8 9 10 | 10.2
Axes           | 5 6 7 8 9 |  9.6
Armour         | 5 6 7 8 9 |  9.6
Fighting       | 7 8 9 10 | 10.6

Action                   |  1- 3 |  4- 6 |  7- 9 | 10-12 | 13-15 || total
-------------------------+-------+-------+-------+-------+-------++-------
Melee: Hand axe          |    88 |   160 |   302 |   654 |       ||  1204
       Bite              |     7 |    23 |    40 |   119 |    52 ||   241
       Unarmed           |       |     2 |       |       |       ||     2
       Punch             |       |     3 |     7 |    29 |    18 ||    57
       War axe           |       |       |       |   191 |   276 ||   467
Invok: Depart the Abyss  |     1 |       |       |       |       ||     1
       Banish            |       |       |     3 |    13 |     1 ||    17
       Bend Space        |       |       |       |       |     5 ||     5
       Corrupt           |       |       |       |       |     2 ||     2
Evoke: Wand              |       |       |     2 |     3 |       ||     5
  Use: Scroll            |     4 |     6 |     9 |    10 |     5 ||    34
       Potion            |       |     1 |       |     4 |     4 ||     9
 Stab: Distracted        |       |       |       |       |     1 ||     1
Armor: Leather armour    |    31 |     4 |       |       |       ||    35
       Chain mail        |       |    95 |   215 |   428 |   203 ||   941
       Skin              |       |       |       |    13 |       ||    13
Dodge: Dodged            |    71 |    92 |   166 |   666 |   293 ||  1288

Table legend: (Time is in decaauts)
 A = Elapsed time spent in this place.
 B = Non-inter-level travel time spent in this place.
 C = Inter-level travel time spent in this place.
 D = Time resting spent in this place.
 E = Time spent auto-exploring this place.
 F = Levels seen in this place.
 G = Mean time per level.
                   A        B        C        D        E       F      G
               +--------+--------+--------+--------+--------+-----+--------+
         Total |  16055 |  15482 |    573 |   4376 |   7485 |  16 | 1003.4 |
       Dungeon |   8455 |   8034 |    421 |   1524 |   4538 |   8 | 1056.9 |
          Lair |   7372 |   7221 |    151 |   2812 |   2910 |   6 | 1228.7 |
         Abyss |     43 |     43 |      0 |      0 |     37 |   1 |   43.0 |
      Gauntlet |    183 |    183 |      0 |     40 |      0 |   1 |  183.0 |
               +--------+--------+--------+--------+--------+-----+--------+

Top non-repeatable levels by time:
     D:7: 1900 daAuts
  Lair:4: 1835 daAuts
  Lair:5: 1548 daAuts
  Lair:2: 1540 daAuts
  Lair:3: 1465 daAuts
     D:4: 1231 daAuts
     D:1: 1032 daAuts
     D:8: 1012 daAuts
     D:6: 983 daAuts
  Lair:1: 896 daAuts
     D:2: 830 daAuts
     D:5: 800 daAuts
     D:3: 664 daAuts
Gauntlet: 183 daAuts
  Lair:6: 86 daAuts
